 Dungeon Crawl Stone Soup version 0.21.1-1-g345015f (webtiles) character file.

88260 Monsterracer the Geomancer (level 15, 0/100 HPs)
             Began as an Octopode Earth Elementalist on Apr 20, 2018.
             Was a High Priest of Sif Muna.
             Slain by a demonic crawler (7 damage)
             ... on level 1 of the Spider Nest on Apr 22, 2018.
             The game lasted 01:31:50 (37119 turns).

Monsterracer the Geomancer (OpEE)                  Turns: 37119, Time: 01:31:51

Health: 0/100      AC:  6    Str: 11    XL:     15   Next: 93%
Magic:  2/29       EV: 16    Int: 35    God:    Sif Muna [*****.]
Gold:   631        SH: 15    Dex: 12    Spells: 1/34 levels left

rFire    + . .     SeeInvis +   a - staff of earth
rCold    . . .     Gourm    .   J - +5 shield {AC+3}
rNeg     . . .     Faith    .   D - +2 hat
rPois    +         Spirit   .   b - amulet "Cijad" {rElec MR+ Regen+ Str+3 Int+3}
rElec    +         Reflect  .   P - ring of stealth
rCorr    .         Harm     .   e - ring of wizardry
MR       +++..                  Q - +5 ring of intelligence
Stlth    +++++.....             T - ring of protection from magic {!d}
HPRegen  1.66/turn              r - ring of protection from fire {!d}
MPRegen  0.21/turn              I - ring of Jetov {rPois Int+3}
                                S - ring of see invisible
                                (no ring)

@: lethally poisoned (0 -> 0), regenerating (expiring), divine energy
A: almost no armour, stealthy swim, amphibious, 8 rings, constrict 8, camouflage
1, gelatinous body 1
a: Stop Divine Energy, Channel Magic, Forget Spell, Renounce Religion


You were on level 1 of the Spider Nest.
You worshipped Sif Muna.
Sif Muna was extremely pleased with you.
You were not hungry.

You visited 4 branches of the dungeon, and saw 23 of its levels.
You also visited: Sewer.

You collected 2601 gold pieces.
You spent 1970 gold pieces at shops.

Inventory:

Missiles
 m - 3 throwing nets (quivered)
Armour
 D - a +2 hat (worn)
 J - a +5 shield of protection (worn)
Magical Staves
 a - an uncursed staff of earth (weapon)
Jewellery
 b - the amulet "Cijad" (around mantle) {rElec MR+ Regen+ Str+3 Int+3}
   (You bought it in a shop on level 2 of the Orcish Mines)

   [amulet of regeneration]

   It affects your strength (+3).
   It affects your intelligence (+3).
   It insulates you from electricity.
   It affects your resistance to hostile enchantments.
   It increases your rate of regeneration.
 e - a ring of wizardry (right tentacle)
 r - a ring of protection from fire (on tentacle) {!d}
 I - the ring of Jetov (on tentacle) {rPois Int+3}
   (You took it off a red devil on level 6 of the Lair of Beasts)

   [ring of poison resistance]

   It affects your intelligence (+3).
   It protects you from poison.
 P - a ring of stealth (left tentacle)
 Q - a +5 ring of intelligence (on tentacle)
 S - a ring of see invisible (on tentacle)
 T - a ring of protection from magic (on tentacle) {!d}
Wands
 d - a wand of scattershot (7)
 k - a wand of polymorph (17)
 p - a wand of acid (22)
 s - a wand of flame (50)
 G - a wand of disintegration (11)
 L - a wand of paralysis (18)
 M - a wand of iceblast (9)
Scrolls
 h - 16 scrolls of teleportation
 i - 7 scrolls of remove curse
 l - a scroll of amnesia
 o - 2 scrolls of fog
 y - 7 scrolls of fear {!r}
 B - 4 scrolls of magic mapping {!r}
 C - a scroll of blinking
 F - 9 scrolls of enchant weapon
 U - a scroll of enchant armour
 V - a scroll of identify
Potions
 f - a potion of berserk rage {!q}
 g - 4 potions of agility
 n - 3 potions of might
 q - 10 potions of lignification
 t - 5 potions of curing
 u - a potion of ambrosia {!q}
 v - 2 potions of mutation {!q}
 w - a potion of invisibility
 x - 2 potions of magic
 z - 6 potions of flight
 A - 6 potions of haste
 E - 2 potions of brilliance
 H - 3 potions of cancellation
 R - 2 potions of heal wounds
Books
 K - a book of Party Tricks

   Spells                             Type                      Level
   a - Summon Butterflies             Summoning                    1
   b - Apportation                    Translocation                1
   c - Lesser Beckoning               Translocation                3
   d - Tukima's Dance                 Hexes                        3
   e - Alistair's Intoxication        Transmutation/Poison         5
   f - Invisibility                   Hexes                        6
 N - a book of Annihilations

   Spells                             Type                      Level
   a - Poison Arrow                   Conjuration/Poison           6
   b - Chain Lightning                Conjuration/Air              8
   c - Lehudib's Crystal Spear        Conjuration/Earth            8
   d - Glaciate                       Conjuration/Ice              9
   e - Fire Storm                     Conjuration/Fire             9
 O - Sif Muna's Handbook of the Excruciating Entourage
   (Sif Muna gifted it to you on level 3 of the Lair of Beasts)

   Spells                             Type                      Level
   a - Bolt of Magma                  Conjuration/Fire/Earth       5
   b - Irradiate                      Conjuration/Transmutation    5
   c - Poison Arrow                   Conjuration/Poison           6
   d - Bolt of Fire                   Conjuration/Fire             6
   e - Dragon's Call                  Summoning                    9
Comestibles
 c - 20 rations


   Skills:
 + Level 8.9 Fighting
 - Level 4.1 Staves
 + Level 8.9 Dodging
 - Level 6.0 Stealth
 + Level 9.0 Shields
 - Level 1.2 Unarmed Combat
 + Level 10.0 Spellcasting
 + Level 12.0 Conjurations
 - Level 5.0 Necromancy
 - Level 3.1 Translocations
 - Level 1.0 Transmutations
 * Level 6.9 Fire Magic
 + Level 12.0 Earth Magic
 - Level 6.0 Invocations
 - Level 6.0 Evocations


You had one spell level left.
You knew the following spells:

 Your Spells              Type           Power        Failure   Level  Hunger
a - Stone Arrow           Conj/Erth      ######       1%          3    None
b - Conjure Flame         Conj/Fire      ######..     1%          3    None
c - Sticky Flame          Conj/Fire      ######..     1%          4    None
d - Fireball              Conj/Fire      ######....   1%          5    ##.....
e - Blink                 Tloc           N/A          1%          2    None
f - Lee's Rapid Deconstr  Erth           ########..   1%          5    ##.....
g - Borgnjor's Vile Clut  Necr/Erth      #######...   1%          5    ##.....
j - Regeneration          Chrm/Necr      #####.....   2%          3    None
x - Passwall              Tmut/Erth      #######...   1%          2    None
z - Apportation           Tloc           #####.       1%          1    None


Dungeon Overview and Level Annotations

Branches:
Dungeon (14/15)            Temple (0/1) D:6            Lair (6/6) D:8
 Shoals (0/4) Lair:4       Spider (1/4) Lair:3        Slime (0/5) Lair:6
    Orc (2/2) D:12            Elf (0/3) Orc:2
 Vaults: D:13-14

Altars:
Ashenzari
Elyvilon
Makhleb
Nemelex Xobeh
Okawaru
Qazlal
Ru
Sif Muna
Trog
Vehumet
Xom
Yredelemnul

Shops:
D:4 [   D:13 *   Orc:2 [=(*

Portals:
Hell: Lair:6

Annotations:
D:3 KnuckleMuncher's ghost, amateur MfGl
D:14 Urug


Innate Abilities, Weirdness & Mutations

You cannot wear most types of armour.
You are very stealthy in the water. (Stealth+)
You are amphibious.
You can wear up to eight rings at the same time.
You can use your tentacles to constrict eight enemies at once.
Your skin changes colour to match your surroundings (Stealth+).
Your rubbery body absorbs attacks. (AC +1, EV +1)


Message History

You kill the jumping spider!
Sif Muna accepts your kill.
The zombie hands constrict the redback! x2
You kill the redback!
Sif Muna accepts your kill.
The zombie hands constrict the redback.
You kill the redback!
Sif Muna accepts your kill.
You feel very sick.
You hear a hideous shriek!
The redback escapes!
You take 1 damage, and have 25/100 hp.
You now have 12/29 mp.
Unknown command.
Unknown command.
You feel sick.
You take 1 damage, and have 24/100 hp.
Casting: Borgnjor's Vile Clutch
Confirm with . or Enter, or press ? or * to list all spells.
Aiming: Sticky Flame
Press: ? - help, Shift-Dir - straight line, f - redback
Aim: a redback (heavily wounded, clinging)
The sticky flame hits the redback.
The redback is severely wounded.
The redback is covered in liquid flames!
You feel sick.
The redback burns!
You kill the redback!
Sif Muna accepts your kill.
Your Conjurations skill increases to level 12!
A demonic crawler comes into view.
You now have 9/29 mp.
Casting: Sticky Flame
Confirm with . or Enter, or press ? or * to list all spells.
Aiming: Sticky Flame
Press: ? - help, Shift-Dir - straight line, f - jumping spider
Aim: a jumping spider (clinging)
The sticky flame hits the jumping spider.
The jumping spider is lightly wounded.
The jumping spider is covered in liquid flames!
You feel sick.
The jumping spider burns!
You block the jumping spider's attack. The jumping spider barely misses you.
The demonic crawler moves out of view.
The jumping spider leaps!
You now have 5/29 mp.
You feel sick.
The jumping spider burns!
You feel sick.
The jumping spider burns!
The jumping spider stops burning.
Casting: Sticky Flame
Confirm with . or Enter, or press ? or * to list all spells.
You blink.
You feel sick.
You now have 3/29 mp.
Casting: Blink
Confirm with . or Enter, or press ? or * to list all spells.
Aiming: Conjure Flame
Press: ? - help, Dir - move target cursor, p - jumping spider The fire ignites!
You feel sick.
The jumping spider leaps!
You take 1 damage, and have 24/100 hp.
You now have 1/29 mp.
You hit the demonic crawler but do no damage.
You crush the demonic crawler!
You squeeze the demonic crawler, but do no damage.
The demonic crawler is lightly wounded.
Your skin is crawling a little less now.
You feel sick.
The demonic crawler is engulfed in blazing flames.
You block the demonic crawler's attack. x3; The jumping spider leaps!
The demonic crawler is engulfed in blazing flames.
The demonic crawler hits you but does no damage.
You block the demonic crawler's attack. The demonic crawler misses you.
You hit the demonic crawler.
The demonic crawler is moderately wounded.
You feel sick.
The jumping spider leaps!
The demonic crawler is engulfed in blazing flames.
You block the demonic crawler's attack. x2
The demonic crawler completely misses you.
The jumping spider leaps!
You hit the demonic crawler but do no damage.
You squeeze the demonic crawler, but do no damage.
The demonic crawler is heavily wounded.
You feel sick.
The demonic crawler is engulfed in blazing flames.
The demonic crawler closely misses you.
You block the demonic crawler's attack. x2
You take 1 damage, and have 25/100 hp.
You hit the demonic crawler but do no damage.
The demonic crawler is heavily wounded.
You feel sick.
The demonic crawler is engulfed in blazing flames.
The demonic crawler hits you.
* * * LOW HITPOINT WARNING * * *
The demonic crawler hits you.
* * * LOW HITPOINT WARNING * * *
You block the demonic crawler's attack.
The jumping spider leaps! x2
The demonic crawler is engulfed in blazing flames.
The demonic crawler hits you!
* * * LOW HITPOINT WARNING * * *
The demonic crawler misses you. You block the demonic crawler's attack.
You take 19 damage, and have 6/100 hp.
You hit the demonic crawler but do no damage.
You squeeze the demonic crawler, but do no damage.
The demonic crawler is heavily wounded.
You feel sick.
The jumping spider leaps!
The demonic crawler is engulfed in blazing flames.
The demonic crawler hits you!
You die...

.# ## #### ..###
...# .... .#.#
...### .####
.....# ....#
.....# .##.##
####.....#.
..##>#
###s@†......#
..#######
###.§#....###.
.##
##.###..s.###.##
## ##...###.###
..# .#
#.###.#§..# ...#
.# ####...s.##
#..# ######
#.....# #.†
#.#..# #...##..#
..#
.....####...####
#.#


You could see a demonic crawler and a jumping spider.

Vanquished Creatures
  Nikola (Spider:1)
  2 orc warlords
  2 entropy weavers (Lair:6)
  Harold (Lair:2)
  6 hydras
  3 catoblepae
  6 death yaks (Lair:5)
  2 death knights (D:13)
  A queen ant (Lair:6)
  3 two-headed ogres
  An orc high priest (Orc:2)
  The ghost of cribozai the Thaumaturge, a journeyman DECj of Vehumet (Orc:1)
  Sonja (Lair:2)
  A sun demon (Lair:6)
  3 skeletal warriors (D:13)
  An unseen horror (D:12)
  A wizard (Lair:6)
  2 phantasmal warriors (D:12)
  Pikel (D:7)
  A deep elf mage (D:13)
  4 orb spiders
  2 ugly things (D:13)
  5 orc knights (Orc:2)
  6 orc sorcerers (Orc:2)
  6 wolf spiders (Spider:1)
  3 cyclopes
  A manticore (D:13)
  4 black mambas
  A centaur zombie (D:14)
  5 elephants
  A merfolk siren (Lair:4)
  2 gargoyles
  2 orange demons (Lair:6)
  4 centaur skeletons
  8 spiny frogs
  5 rime drakes
  8 komodo dragons
  7 demonic crawlers (Spider:1)
  3 freezing wraiths
  An ice devil (Lair:6)
  6 trolls
  A red devil (Lair:6)
  A hellwing (Lair:6)
  4 polar bears
  15 jumping spiders (Spider:1)
  3 hornets
  14 blink frogs
  3 slime creatures (D:13)
  6 hippogriffs
  4 tarantellas (Spider:1)
  4 wraiths (D:12)
  A shadow (D:14)
  11 redbacks (Spider:1)
  27 yaks
  2 wyverns
  A spriggan (D:7)
  6 basilisks
  A steam dragon (D:12)
  5 wargs
  18 soldier ants
  6 porcupines
  11 water moccasins
  5 hell hounds (Lair:6)
  25 orc warriors
  3 ice beasts
  A black bear (D:13)
  3 phantoms
  2 slaves (D:7)
  2 sky beasts
  10 ogres
  An eye of draining (D:9)
  6 wolves
  6 centaurs
  9 crocodiles
  6 big kobolds
  An elf zombie (D:11)
  16 bullfrogs
  2 wyvern zombies
  An elf skeleton (D:11)
  5 killer bees (D:11)
  A water moccasin skeleton (D:6)
  A wyvern skeleton (D:12)
  6 scorpions
  2 wights (D:11)
  5 electric eels
  6 jellies
  2 howler monkeys (D:9)
  4 human zombies (D:11)
  5 crimson imps
  2 bullfrog zombies
  11 hounds
  A quasit (D:9)
  13 orc priests
  17 orc wizards
  A bullfrog skeleton (D:13)
  Ijyb (D:4)
  3 iguanas
  3 human skeletons (D:11)
  5 hell rats (Lair:3)
  21 worker ants
  A hound zombie (D:11)
  2 mummies
  A howler monkey zombie (D:6)
  Robin (D:3)
  4 gnolls (D:2)
  A river rat (Sewer)
  22 adders
  An adder zombie (D:5)
  6 oozes
  2 worms
  3 dart slugs
  2 leopard geckos
  65 orcs
  5 giant cockroaches
  20 goblins
  7 hobgoblins
  3 jackals (D:3)
  7 quokkas
  5 ball pythons
  12 bats
  7 frilled lizards
  2 hobgoblin zombies (D:7)
  A jackal zombie (D:5)
  25 kobolds
  A leopard gecko zombie (D:6)
  2 orc zombies (D:7)
  3 quokka skeletons
  13 rats
  4 fungi
  3 plants (Lair:5)
713 creatures vanquished.

Vanquished Creatures (others)
  The ghost of Verendum the Basher, a novice GrAK of Lugonu (D:7)
  An orb spider (Spider:1)
  A tarantella (Spider:1)
  18 fungi
  8 plants
  6 toadstools (Lair:5)
35 creatures vanquished.

Grand Total: 748 creatures vanquished

Notes
Turn   | Place    | Note
-------+----------+-------------------------------------------
     0 | D:1      | Monsterracer the Octopode Earth Elementalist began the quest for the Orb.
     0 | D:1      | Reached XP level 1. HP: 11/11 MP: 3/3
   178 | D:1      | Reached XP level 2. HP: 17/17 MP: 1/5
   185 | D:1      | Learned a level 2 spell: Passwall
  1040 | D:1      | Reached XP level 3. HP: 21/21 MP: 4/6
  1045 | D:1      | Learned a level 3 spell: Stone Arrow
  1371 | D:2      | HP: 6/21 [gnoll/enchanted spear (7)]
  1420 | D:2      | Reached XP level 4. HP: 13/27 MP: 3/8
  1671 | D:2      | HP: 13/27 [poisoned by an adder]
  1676 | D:2      | HP: 11/27 [poisoned by an adder]
  1684 | D:2      | HP: 8/27 [poisoned by an adder]
  1692 | D:2      | HP: 7/27 [poisoned by an adder]
  2162 | D:2      | HP: 13/27 [poisoned by an adder]
  2417 | D:2      | Reached XP level 5. HP: 31/31 MP: 9/9
  2504 | D:2      | Reached skill level 1 in Conjurations
  2852 | D:3      | Noticed Robin
  2887 | D:3      | HP: 12/31 [goblin/dagger[Robin] (4)]
  3087 | D:3      | Killed Robin
  3087 | D:3      | Reached skill level 5 in Earth Magic
  3399 | D:3      | HP: 15/31 [poisoned by an adder]
  3898 | D:3      | Found a bloodstained altar of Trog.
  3899 | D:3      | Found a shimmering altar of Xom.
  3899 | D:3      | Found a white marble altar of Elyvilon.
  3900 | D:3      | Found a deep blue altar of Sif Muna.
  3909 | D:3      | Became a worshipper of Sif Muna the Loreminder
  3947 | D:3      | Noticed KnuckleMuncher's ghost (amateur MfGl)
  4002 | D:3      | Reached XP level 6. HP: 36/36 MP: 6/10
  4011 | D:2      | Learned a level 5 spell: Lee's Rapid Deconstruction
  4680 | D:4      | Found a sacrificial altar of Ru.
  4755 | D:4      | Found Tunes's Armour Shoppe.
  4857 | D:4      | Noticed Ijyb
  4869 | D:4      | Killed Ijyb
  4870 | D:4      | HP: 15/36 [adder (4)]
  4974 | D:4      | HP: 17/36 [hound (3)]
  5113 | D:4      | Found a glowing drain.
  5159 | Sewer    | Entered a sewer
  5357 | Sewer    | Reached XP level 7. HP: 37/41 MP: 12/12
  5889 | Sewer    | Reached * piety under Sif Muna
  5960 | Sewer    | HP: 20/41 [big kobold/short sword (10)]
  6206 | D:4      | Found a sacrificial altar of Ru.
  6755 | D:5      | Entered Level 5 of the Dungeon
  6762 | D:5      | HP: 13/41 [iguana (14)]
  6772 | D:5      | HP: 12/41 [scorpion (1)]
  6775 | D:5      | Reached skill level 1 in Invocations
  6779 | D:5      | Reached XP level 8. HP: 14/46 MP: 2/14
  6790 | D:5      | HP: 15/46 [crimson imp (1)]
  6798 | D:5      | HP: 13/46 [crimson imp (3)]
  7180 | D:5      | Found an iron altar of Okawaru.
  7213 | D:5      | Learned a level 2 spell: Blink
  7566 | D:5      | Reached skill level 1 in Translocations
  7899 | D:6      | Learned a level 3 spell: Conjure Flame
  8095 | D:6      | HP: 19/46 [phantom (10)]
  8096 | D:6      | Reached ** piety under Sif Muna
  8099 | D:6      | HP: 3/46 [phantom (8)]
  8628 | D:6      | Found a staircase to the Ecumenical Temple.
  8683 | D:6      | Found an iron altar of Okawaru.
  8685 | D:6      | Found a radiant altar of Vehumet.
  8685 | D:6      | Found a sparkling altar of Nemelex Xobeh.
  8686 | D:6      | Found a stormy altar of Qazlal.
  9114 | D:6      | Reached skill level 5 in Spellcasting
  9114 | D:6      | Reached XP level 9. HP: 51/51 MP: 2/16
  9647 | D:7      | Reached skill level 5 in Conjurations
 10263 | D:7      | Noticed Pikel
 10265 | D:7      | Killed Pikel
 10265 | D:7      | Reached *** piety under Sif Muna
 10350 | D:7      | Found a deep blue altar of Sif Muna.
 10476 | D:7      | Noticed Verendum's ghost (novice GrAK)
 10494 | D:7      | Killed Verendum's ghost
 10494 | D:7      | Reached skill level 1 in Fighting
 10494 | D:7      | Reached skill level 1 in Unarmed Combat
 10494 | D:7      | Reached XP level 10. HP: 49/59 MP: 1/18
 10499 | D:7      | Learned a level 3 spell: Mephitic Cloud
 10855 | D:7      | Found a shattered altar of Ashenzari.
 11360 | D:8      | Reached **** piety under Sif Muna
 11360 | D:8      | HP: 25/60 [wolf (7)]
 11371 | D:8      | HP: 10/60 [hound (5)]
 11654 | D:8      | Noticed a two-headed ogre
 11664 | D:8      | Killed a two-headed ogre
 11683 | D:8      | Reached skill level 10 in Earth Magic
 11840 | D:8      | Found Powni's Book Emporium.
 11973 | D:8      | Found a staircase to the Lair.
 12432 | D:9      | Got a bloodstained long sword
 12479 | D:9      | HP: 31/63 [troll (12)]
 12486 | D:9      | Reached skill level 1 in Fire Magic
 12486 | D:9      | Reached skill level 1 in Evocations
 12494 | D:9      | HP: 30/63 [big kobold (4)]
 13004 | D:9      | Identified the cursed +3 long sword "Apeeqein" {flame, +Blink Stlth+} (You found it on level 9 of the Dungeon)
 13059 | D:9      | Reached XP level 11. HP: 57/67 MP: 10/20
 13440 | D:9      | Reached ***** piety under Sif Muna
 13669 | D:10     | Entered Level 10 of the Dungeon
 13747 | D:10     | Reached skill level 1 in Shields
 13874 | D:10     | Got a pitted steel amulet
 13880 | D:10     | Identified the amulet "Gushrar" {Inacc Fragile Str+5 SInv} (You found it on level 10 of the Dungeon)
 14776 | D:4      | Bought a +2 shield of protection for 215 gold pieces
 15001 | D:11     | HP: 26/67 [hornet (13)]
 15656 | D:11     | Received a gift from Sif Muna
 15657 | D:11     | Identified Sif Muna's Hermit's Heritage in Simple Steps (Sif Muna gifted it to you on level 11 of the Dungeon)
 16054 | D:11     | Found a basalt altar of Yredelemnul.
 16829 | Lair:1   | Entered Level 1 of the Lair of Beasts
 17752 | Lair:1   | Noticed a six-headed hydra
 17758 | Lair:1   | Killed a six-headed hydra
 17758 | Lair:1   | Reached XP level 12. HP: 75/75 MP: 6/22
 18571 | Lair:2   | Reached skill level 5 in Shields
 18576 | Lair:2   | HP: 37/75 [yak (16)]
 18592 | Lair:2   | HP: 18/75 [yak (6)]
 19090 | Lair:2   | Reached skill level 5 in Dodging
 19220 | Lair:2   | Noticed Sonja
 19223 | Lair:2   | Killed Sonja
 19333 | Lair:2   | Learned a level 5 spell: Borgnjor's Vile Clutch
 19386 | Lair:2   | Noticed Harold
 19398 | Lair:2   | Killed Harold
 19398 | Lair:2   | Reached skill level 5 in Fighting
 20190 | Lair:3   | Identified a scroll of acquirement
 20480 | Lair:3   | Identified Sif Muna's Handbook of the Excruciating Entourage (Sif Muna gifted it to you on level 3 of the Lair of Beasts)
 20480 | Lair:3   | Received a gift from Sif Muna
 20559 | Lair:3   | Reached skill level 5 in Invocations
 20570 | Lair:3   | Reached skill level 1 in Necromancy
 20764 | Lair:3   | Reached skill level 10 in Conjurations
 20915 | Lair:3   | Found a hole to the Spider Nest.
 21768 | Lair:4   | Reached skill level 5 in Evocations
 21898 | Lair:4   | Identified the Incunabulum of Arcane Weapons
 22247 | Lair:4   | Found a staircase to the Shoals.
 22408 | Lair:4   | Reached XP level 13. HP: 82/82 MP: 5/24
 23135 | Lair:5   | HP: 41/83 [poisoned by a black mamba]
 23140 | Lair:5   | HP: 39/83 [poisoned by a black mamba]
 23147 | Lair:5   | HP: 38/83 [poisoned by a black mamba]
 23154 | Lair:5   | HP: 37/83 [poisoned by a black mamba]
 23162 | Lair:5   | HP: 37/83 [poisoned by a black mamba]
 23392 | Lair:5   | HP: 26/83 [black mamba (16)]
 23397 | Lair:5   | HP: 24/83 [poisoned by a black mamba]
 23402 | Lair:5   | HP: 22/83 [poisoned by a black mamba]
 23407 | Lair:5   | HP: 21/83 [poisoned by a black mamba]
 23414 | Lair:5   | HP: 20/83 [poisoned by a black mamba]
 23422 | Lair:5   | HP: 20/83 [poisoned by a black mamba]
 23724 | Lair:5   | Learned a level 3 spell: Regeneration
 24493 | Lair:5   | Found a runed door.
 24735 | Lair:5   | HP: 40/83 [eight-headed hydra (10)]
 25655 | Lair:6   | Entered Level 6 of the Lair of Beasts
 25993 | Lair:6   | Found a staircase to the Slime Pits.
 26730 | Lair:6   | Received a gift from Sif Muna
 26730 | Lair:6   | Reached skill level 5 in Stealth
 26736 | Lair:6   | Identified Sif Muna's Guide on the Quantum Glacier (Sif Muna gifted it to you on level 6 of the Lair of Beasts)
 27209 | Lair:6   | Reached XP level 14. HP: 90/90 MP: 12/26
 27613 | Lair:6   | HP: 39/90 [eight-headed hydra (10)]
 27839 | Lair:6   | Found a burning altar of Makhleb.
 27851 | Lair:6   | HP: 46/92 [ice devil (20)]
 27865 | Lair:6   | HP: 46/92 [orange demon (4)]
 27875 | Lair:6   | HP: 37/92 [orange demon (4)]
 27880 | Lair:6   | HP: 31/92 [poisoned by an orange demon]
 27885 | Lair:6   | HP: 28/92 [poisoned by an orange demon]
 27891 | Lair:6   | HP: 26/92 [poisoned by an orange demon]
 27896 | Lair:6   | HP: 18/92 [poisoned by an orange demon]
 27903 | Lair:6   | HP: 27/138 [poisoned by an orange demon]
 27908 | Lair:6   | HP: 18/138 [soldier ant (8)]
 27916 | Lair:6   | HP: 15/138 [worker ant (5)]
 27917 | Lair:6   | Noticed an entropy weaver
 27922 | Lair:6   | HP: 21/138 [soldier ant (1)]
 27928 | Lair:6   | HP: 12/138 [soldier ant (4)]
 27929 | Lair:6   | Killed an entropy weaver
 27933 | Lair:6   | HP: 17/138 [queen ant (4)]
 27944 | Lair:6   | HP: 16/138 [worker ant (4)]
 27949 | Lair:6   | HP: 15/138 [worker ant (2)]
 28359 | Lair:6   | Noticed an entropy weaver
 28364 | Lair:6   | Killed an entropy weaver
 28364 | Lair:6   | Reached skill level 5 in Necromancy
 28701 | Lair:6   | Got a flickering golden ring
 28702 | Lair:6   | Identified the ring of Jetov {rPois Int+3} (You took it off a red devil on level 6 of the Lair of Beasts)
 28826 | Lair:6   | Found a gateway to Hell.
 29435 | D:12     | Found a staircase to the Orcish Mines.
 29461 | D:12     | Reached skill level 1 in Staves
 30082 | Orc:1    | Entered Level 1 of the Orcish Mines
 30091 | Orc:1    | Noticed an orc warlord
 30264 | D:11     | Learned a level 4 spell: Sticky Flame
 30537 | Orc:1    | HP: 28/92 [orc warrior/enchanted long sword[an orc warlord] (23)]
 30538 | Orc:1    | HP: 11/92 [troll[an orc warlord] (8)]
 30842 | Orc:1    | Killed an orc warlord
 31046 | Orc:2    | Entered Level 2 of the Orcish Mines
 31046 | Orc:2    | Noticed an orc warlord
 31056 | Orc:2    | Killed an orc warlord
 31060 | Orc:2    | Found Ruekut's Jewellery Shop.
 31211 | Orc:2    | Bought the amulet "Cijad" {rElec MR+ Regen+ Str+3 Int+3} for 933 gold pieces
 31604 | Orc:2    | Found Wuppusecs's Antique Weapon Shoppe.
 31614 | Orc:2    | Identified Sif Muna's Reference Book on the Destructive Arsonist (Sif Muna gifted it to you on level 2 of the Orcish Mines)
 31614 | Orc:2    | Received a gift from Sif Muna
 31709 | Orc:2    | Reached XP level 15. HP: 99/99 MP: 17/28
 32181 | Orc:2    | Found Locyimank's Antique Armour Emporium.
 32203 | Orc:1    | Noticed cribozai's ghost (journeyman DECj)
 32210 | Orc:1    | Killed cribozai's ghost
 32460 | Orc:2    | Found a staircase to the Elven Halls.
 32466 | Orc:2    | Found Isod's General Store.
 32602 | Orc:2    | Bought a potion of curing for 51 gold pieces
 32602 | Orc:2    | Bought a potion of curing for 51 gold pieces
 32602 | Orc:2    | Bought a potion of curing for 51 gold pieces
 32603 | Orc:2    | Bought a wand of acid (7) for 374 gold pieces
 33169 | Orc:2    | Bought an uncursed ring of see invisible for 225 gold pieces
 33677 | D:12     | HP: 39/99 [wraith[a death knight] (14)]
 33905 | D:13     | Reached skill level 5 in Fire Magic
 34271 | D:13     | Learned a level 5 spell: Fireball
 34510 | D:13     | Found Zuighu's General Store.
 34518 | D:13     | Bought a potion of heal wounds for 70 gold pieces
 34822 | D:14     | HP: 34/99 [death knight/vampiric glaive (22)]
 34824 | D:14     | HP: 15/99 [freezing wraith[a death knight] (18)]
 34827 | D:14     | Noticed Urug
 35286 | Spider:1 | Entered Level 1 of the Spider Nest
 35336 | Spider:1 | HP: 44/100 [jumping spider (19)]
 35826 | Spider:1 | Learned a level 1 spell: Apportation
 35915 | Spider:1 | Noticed Nikola
 35926 | Spider:1 | Killed Nikola
 35973 | Spider:1 | HP: 42/100 [wolf spider (12)]
 36305 | Spider:1 | HP: 50/100 [wolf spider (4)]
 36310 | Spider:1 | HP: 45/100 [poisoned by a wolf spider]
 36315 | Spider:1 | HP: 45/100 [poisoned by a wolf spider]
 36320 | Spider:1 | HP: 47/100 [poisoned by a wolf spider]
 36325 | Spider:1 | HP: 49/100 [poisoned by a wolf spider]
 36331 | Spider:1 | HP: 49/100 [poisoned by a wolf spider]
 36777 | Spider:1 | Identified Sif Muna's Guide on Beguiling (Sif Muna gifted it to you on level 1 of the Spider Nest)
 36777 | Spider:1 | Received a gift from Sif Muna
 36797 | Spider:1 | Reached skill level 10 in Spellcasting
 37106 | Spider:1 | HP: 39/100 [jumping spider (12)]
 37111 | Spider:1 | HP: 24/100 [poisoned by a redback]
 37116 | Spider:1 | HP: 26/100 [poisoned by a redback]
 37118 | Spider:1 | HP: 6/100 [demonic crawler (11)]
 37119 | Spider:1 | Slain by a demonic crawler

Skill      XL: |  1  2  3  4  5  6  7  8  9 10 11 12 13 14 15 |
---------------+----------------------------------------------+-----
Earth Magic    | 4 5 6 8 9 10 11 12 | 12.0
Spellcasting   | 3 4 5 6 7 8 9 10 | 10.0
Conjurations   | 1 2 3 4 6 8 9 10 11 12 | 12.0
Stealth        | 3 4 5 6 |  6.0
Invocations    | 1 3 4 5 6 |  6.0
Translocations | 2 3 |  3.1
Fighting       | 1 3 4 5 6 7 8 |  8.9
Unarmed Combat | 1 |  1.2
Dodging        | 3 4 5 6 7 8 |  8.9
Fire Magic     | 1 3 6 |  6.9
Evocations     | 1 3 5 6 |  6.0
Shields        | 4 5 6 7 9 |  9.0
Necromancy     | 2 4 5 |  5.0
Staves         | 4 |  4.1
Transmutations | |  1.0

Action                   |  1- 3 |  4- 6 |  7- 9 | 10-12 | 13-15 || total
-------------------------+-------+-------+-------+-------+-------++-------
Melee: Unarmed           |    29 |       |       |    24 |       ||    53
       Constrict         |    10 |    30 |    24 |    27 |    25 ||   116
       Tentacles         |     4 |    14 |    21 |    24 |    34 ||    97
       Dagger            |    14 |       |       |       |       ||    14
       Spear             |       |   155 |   114 |     9 |       ||   278
       Whip              |       |       |       |    25 |       ||    25
       Punch             |       |       |       |     2 |       ||     2
       Long sword        |       |       |       |    63 |    82 ||   145
       Staff             |       |       |       |       |   115 ||   115
 Fire: Hunting sling     |    26 |       |       |       |       ||    26
 Cast: Sandblast         |    26 |    23 |    24 |    46 |    39 ||   158
       Stone Arrow       |       |    25 |    69 |   217 |   357 ||   668
       Lee's Rapid Decon |       |       |     9 |    29 |    17 ||    55
       Conjure Flame     |       |       |       |    19 |     8 ||    27
       Blink             |       |       |       |     3 |     8 ||    11
       Mephitic Cloud    |       |       |       |     3 |     1 ||     4
       Borgnjor's Vile C |       |       |       |     6 |    80 ||    86
       Regeneration      |       |       |       |       |    15 ||    15
       Sticky Flame      |       |       |       |       |    39 ||    39
       Fireball          |       |       |       |       |     9 ||     9
Invok: Divine Energy     |       |       |     1 |       |       ||     1
       Channel Magic     |       |       |       |       |     1 ||     1
  Use: Scroll            |       |    13 |     8 |    10 |    10 ||    41
       Potion            |       |       |       |       |     3 ||     3
 Stab: Sleeping          |     1 |    13 |     6 |     4 |     1 ||    25
       Distracted        |       |       |     1 |       |       ||     1
  Eat: Chunk             |     1 |    15 |    18 |    34 |    35 ||   103
       Ration            |       |       |     1 |     4 |     7 ||    12
Armor: Skin              |    11 |     7 |     7 |    21 |   141 ||   187
Dodge: Dodged            |    40 |    78 |    69 |   158 |   221 ||   566
Block: Buckler           |       |       |       |    22 |     3 ||    25
       Shield            |       |       |       |       |   393 ||   393
       Rpst.: Long sword |       |       |       |    25 |    29 ||    54

Vault maps used:
D:1:      dpeg_arrival_windows_large_door, serial_curves, eino_curves_03,
          eino_curves_01
D:2:      minmay_diamond_boxcup, minmay_quantized
D:3:      chequers_temple_overflow_statue_of_worship, uniq_robin
D:4:      lemuel_coloured_pillars_altar, serial_shops, nicolae_shop_statue_plus,
          gup_sewer_entry_bowl, nicolae_ru_the_path_less_chosen, uniq_ijyb
D:5:      first_ration, hex_medium, minmay_gold_behind_fungi, okawaru_gym_becter
D:6:      grunt_temple_overflow_open, temple_doors_e
D:7:      kennysheep_orc_sif_temple, ashenzari_conservatory_becter, the_bakery,
          minmay_mini_ossuary, uniq_pikel
D:8:      erik_lair_island, serial_shops, nicolae_shop_waterfront,
          hangedman_decor_points
D:10:     hangedman_abyss_or_decor_lesser_grid
D:11:     lemuel_mausoleum_altar_yredelemnul
D:12:     orc_0_dummy
D:13:     serial_shops, shop
D:14:     lightli_vaults_fourway_checkpoint, serial_bayou, serial_bayou_pond_e,
          serial_bayou_pond_d, serial_bayou_pond_a, serial_bayou_pond_b,
          serial_bayou_lagoon_a, lightli_fourway_metalbox, uniq_urug
Lair:1:   grunt_megastairs_2
Lair:2:   uniq_harold, uniq_sonja
Lair:3:   nicolae_spider_entry_orb_guardian, cheibrodos_lair_lostbears
Lair:4:   minmay_shoals_entry_lonely_mermaid, hangedman_lair_unloving_vines,
          serial_bayou_lagoon_b
Lair:5:   gammafunk_lair_enchanted_lake
Lair:6:   evil_forest, nicolae_slime_entry_slimehenge, zaba_antful_of_joy,
          infiniplex_staircase_pool_2
Spider:1: uniq_nikola
Orc:2:    grunt_orc_gardens, grunt_orc_garden, grunt_orc_garden,
          grunt_orc_garden, grunt_orc_garden, nicolae_orc_crystal_geode
Sewer:    sewer_co_15_rooms
